 Dungeon Crawl Stone Soup version 0.27-a0-720-g3f424a255b (webtiles) character file.

Game seed: 11461740480297502902

989 DarkShadow the Covered (level 7, 0/61 HPs)
             Began as a Minotaur Fighter on Mar 23, 2021.
             Was a Believer of Wu Jian.
             Succumbed to a kobold brigand's poison
             ... on level 5 of the Dungeon.
             The game lasted 00:19:27 (7074 turns).

DarkShadow the Covered (Minotaur Fighter)           Turns: 7074, Time: 00:19:28

Health: 0/61       AC:  7    Str: 22    XL:     7   Next: 98%
Magic:  6/6        EV:  9    Int:  5    God:    Wu Jian [**....]
Gold:   231        SH: 13    Dex: 14    Spells: 6/6 levels left

rFire    . . .     SeeInvis .   a - +0 war axe
rCold    . . .     Faith    .   c - +3 kite shield
rNeg     . . .     Spirit   .   b - +0 scale mail
rPois    .         Reflect  .   (helmet restricted)
rElec    .         Harm     .   (no cloak)
rCorr    .         Rampage  .   (no gloves)
Will     .....                  (no boots)
Stlth    +.........             (no amulet)
HPRegen  0.20/turn              (no ring)
MPRegen  0.10/turn              (no ring)

@: mighty, lethally poisoned (0 -> -3), about to teleport
A: horns 2, retaliatory headbutt, thin skeletal structure 1, strong 1, no potion
heal 1
a: Renounce Religion, Wall Jump


You were on level 5 of the Dungeon.
You worshipped Wu Jian.
Wu Jian was pleased with you.
You visited 2 branches of the dungeon, and saw 6 of its levels.

You collected 231 gold pieces.

Inventory:

Hand Weapons
 a - a +0 war axe (weapon)
Armour
 b - a +0 scale mail (worn)
 c - a +3 kite shield (worn)
 n - a +0 helmet
Jewellery
 h - a ring of ice
 m - a ring of magical power
 r - an amulet of regeneration
Wands
 q - a wand of flame (20)
Scrolls
 p - a scroll of silence
Potions
 d - 2 potions of might
 e - a potion of lignification
 f - a potion of haste
 g - 2 potions of curing
 i - 2 potions of cancellation
 j - a potion of magic {unknown}
 l - a potion of flight {unknown}
 o - a potion of berserk rage {unknown}


   Skills:
 + Level 5.2 Fighting
 + Level 6.9 Axes
 + Level 6.9 Armour
 + Level 1.9 Dodging
 + Level 1.0 Stealth
 + Level 5.8 Shields


You had 6 spell levels left.
You didn't know any spells.
Your spell library contained the following spells:

 Spells                   Type           Power      Damage    Failure   Level
 Magic Dart               Conj           0%         1d3       99%         1
 Sandblast                Erth           0%         2d4       99%         1
 Blink                    Tloc           N/A        N/A       99%         2
 Call Imp                 Summ           0%         N/A       99%         2
 Passwall                 Tmut/Erth      0%         N/A       99%         2
 Slow                     Hex            0%         N/A       99%         2
 Conjure Flame            Conj/Fire      0%         6-21      100%        3
 Mephitic Cloud           Conj/Pois/Air  0%         N/A       100%        3
 Stone Arrow              Conj/Erth      0%         3d7       100%        3
 Petrify                  Tmut/Erth      0%         N/A       100%        4
 Lee's Rapid Deconstruct  Erth           0%         3d5*      100%        5


Dungeon Overview and Level Annotations

Branches:
Dungeon (5/15)             Temple (1/1) D:5

Altars:
Ashenzari
Cheibriados
Dithmenos
Elyvilon
Fedhas
Gozag
Hepliaklqana
Kikubaaqudgha
Nemelex Xobeh
Okawaru
Qazlal
Sif Muna
Trog
Uskayaw
Vehumet
Wu Jian
Yredelemnul
Zin
The Shining One

Annotations:
D:5 hemabe71's ghost, amateur HuAr


Innate Abilities, Weirdness & Mutations

You have a pair of horns on your head.
You reflexively headbutt those who attack you in melee.
You have a somewhat thin skeletal structure. (Dex +2, Stealth)
Your muscles are strong. (Str +2)
Potions are less effective at restoring your health.


Message History

You hit the kobold. You miss the kobold.
You feel extremely sick.
You block the kobold's attack. x2; You block hemabe71's ghost's attack.
The kobold closely misses you. The kobold barely misses you.
You hit hemabe71's ghost. Your headbutt misses hemabe71's ghost.
Hemabe71's ghost is heavily damaged.
You barely miss the kobold. You miss the kobold.
You feel sick. Hemabe71's ghost hits you.
You are more poisoned.
You block the kobold's attack. The kobold barely misses you.
Hemabe71's ghost says, "I could kill you with a lamp."
Hemabe71's ghost hits you.
You are more poisoned.
You slash hemabe71's ghost! You headbutt hemabe71's ghost.
Hemabe71's ghost is severely damaged.
You hit the kobold.
You kill the kobold!
The Council accepts your kill.
You closely miss the kobold.
Your shield prevents you from hitting the kobold brigand.
* * * LOW HITPOINT WARNING * * *
You feel extremely sick. The kobold hits you but does no damage.
Space bends around you.
* * * LOW HITPOINT WARNING * * *
The kobold brigand hits you with a +0 whip of chaos.
* * * LOW HITPOINT WARNING * * *
You are more poisoned.
You block hemabe71's ghost's attack. You block the kobold's attack.
The kobold barely misses you.
The kobold hits you with a +1 whip of distortion.
* * * LOW HITPOINT WARNING * * *
You blink.
As you read the scroll of teleportation, it crumbles to dust.
You feel strangely unstable.
* * * LOW HITPOINT WARNING * * *
You feel very sick.
* * * LOW HITPOINT WARNING * * *
You feel sick.
Hemabe71's ghost shrieks, "What do you have that I didn't have?"
You die...

####### ......# ########
#####.# #......# #####.###
#.####.##### ........# #.#
#####..# ......#.#
#.###P8.##.##########
.####.#.##
#†##@.KKK#K.......... .##
#....## #.#..###KKK.########.
..###.###.###.#(.....').# #.
#....## ##....#$.###.'.## #.
#.##.# #..####.....#.# #.
#....## ##...####P8.##.# #.
#####.###.......#####..# #. #
#....#...####.######### ##. #
#.......####..........#####..


You could see a kobold brigand and 6 kobolds.

Vanquished Creatures
  Grinder (D:5)
  Menkaure (D:4)
  Duvessa (D:5)
  Dowan (D:5)
  2 hounds (D:5)
  4 iguanas
  2 orc wizards
  4 worker ants
  A gnoll (D:1)
  8 adders
  2 white imps (D:5)
  An ufetubus (D:5)
  2 adder skeletons (D:4)
  A dart slug (D:2)
  12 orcs
  4 ball pythons
  8 giant cockroaches
  7 goblins
  6 hobgoblins
  2 jackals (D:4)
  3 oozes
  3 quokkas
  7 bats
  5 frilled lizards
  8 kobolds
  6 rats
102 creatures vanquished.

Vanquished Creatures (others)
  2 plants (D:5)
2 creatures vanquished.

Grand Total: 104 creatures vanquished

Notes
Turn   | Place    | Note
-------+----------+-------------------------------------------
     0 | D:1      | DarkShadow the Minotaur Fighter began the quest for the
                  | Orb.
     0 | D:1      | Reached XP level 1. HP: 19/19 MP: 0/0
    18 | D:1      | Reached XP level 2. HP: 27/27 MP: 1/1
  1164 | D:2      | Reached XP level 3. HP: 33/33 MP: 2/2
  2000 | D:2      | Reached XP level 4. HP: 39/40 MP: 3/3
  2065 | D:2      | Found a faded altar of an unknown god.
  2068 | D:2      | Became a worshipper of the Wu Jian Council
  2068 | D:2      | Reached * piety under Wu Jian
  2695 | D:3      | Found a broken altar of Ashenzari.
  3256 | D:3      | Reached XP level 5. HP: 46/46 MP: 4/4
  3934 | D:4      | Reached ** piety under Wu Jian
  3935 | D:4      | Reached skill level 5 in Armour
  4451 | D:4      | Reached skill level 1 in Dodging
  4494 | D:4      | Reached XP level 6. HP: 32/53 MP: 5/5
  4696 | D:4      | Reached skill level 5 in Axes
  4969 | D:4      | Noticed Menkaure
  4988 | D:4      | Killed Menkaure
  4989 | D:4      | Reached skill level 1 in Stealth
  5371 | D:5      | Entered Level 5 of the Dungeon
  5407 | D:5      | Reached skill level 5 in Shields
  5412 | D:5      | Gained mutation: Potions are less effective at restoring
                  | your health. [potion of mutation]
  5412 | D:5      | Gained mutation: You are partially covered in icy blue
                  | scales. (AC +2) [potion of mutation]
  5426 | D:5      | Lost mutation: You are partially covered in icy blue
                  | scales. (AC +2) [potion of mutation]
  5426 | D:5      | Gained mutation: Your muscles are strong. (Str +2) [potion
                  | of mutation]
  5426 | D:5      | Gained mutation: You have a somewhat thin skeletal
                  | structure. (Dex +2, Stealth) [potion of mutation]
  5589 | D:5      | Noticed Duvessa
  5590 | D:5      | Noticed Dowan
  5599 | D:5      | Killed Duvessa
  5600 | D:5      | Reached skill level 5 in Fighting
  5600 | D:5      | Reached XP level 7. HP: 24/61 MP: 6/6
  5602 | D:5      | Killed Dowan
  6338 | D:5      | Noticed Grinder
  6349 | D:5      | Paralysed by Grinder for 6 turns
  6362 | D:5      | Killed Grinder
  6597 | D:5      | Found a staircase to the Ecumenical Temple.
  6606 | Temple   | Entered the Ecumenical Temple
  6859 | D:5      | Found a bloodstained altar of Trog.
  7049 | D:5      | Found a runed translucent gate.
  7051 | D:5      | Found a runed translucent gate.
  7052 | D:5      | Found a runed translucent gate.
  7052 | D:5      | Noticed hemabe71's ghost (amateur HuAr)
  7072 | D:5      | HP: 1/61 [poisoned by a kobold brigand]
  7074 | D:5      | Succumbed to a kobold brigand's poison

Illustrated notes

Levels and vault maps discovered:
D:1:      dpeg_arrival_chambers_temple_mockup, layout_basic,
          minmay_misc_feat_nine_boxes
D:2:      minmay_inner_zag, layout_loops_corners,
          chequers_ecumenical_altar_twisty
D:3:      layout_loops_cross, old_standard_altar
D:4:      layout_basic, nrook_campfire, uniq_menkaure
D:5:      layout_loops_ring, temple_hall, gammafunk_ghost_nasty_kobolds,
          trog_hazing_becter, uniq_grinder, uniq_duvessa
Temple:   regret_index_temple_mists

Skill      XL: |  1  2  3  4  5  6  7 |
---------------+----------------------+-----
Shields        | 4 5 |  5.8
Armour         | 4 5 6 |  6.9
Fighting       | 4 5 |  5.2
Axes           | 3 4 5 6 |  6.9
Dodging        | 1 |  1.9
Stealth        | 1 |  1.0

Action                   |  1- 3 |  4- 6 |  7- 9 || total
-------------------------+-------+-------+-------++-------
Melee: War axe           |    76 |   137 |    48 ||   261
       Headbutt          |     7 |    24 |     9 ||    40
Invok: Whirlwind         |       |     6 |     2 ||     8
       Lunge             |       |     4 |     4 ||     8
 Abil: Wall Jump         |       |       |     1 ||     1
  Use: Scroll            |     5 |     6 |     3 ||    14
       Potion            |       |     2 |     1 ||     3
Armor: Scale mail        |    41 |    40 |    18 ||    99
Dodge: Dodged            |    27 |    42 |    14 ||    83
Block: Kite shield       |    49 |    88 |    32 ||   169

Table legend: (Time is in decaauts)
 A = Elapsed time spent in this place.
 B = Non-inter-level travel time spent in this place.
 C = Inter-level travel time spent in this place.
 D = Time resting spent in this place.
 E = Time spent auto-exploring this place.
 F = Levels seen in this place.
 G = Mean time per level.
                   A        B        C        D        E       F      G
               +--------+--------+--------+--------+--------+-----+--------+
         Total |   7263 |   7171 |     92 |   2139 |   3329 |   6 | 1210.5 |
       Dungeon |   7010 |   6918 |     92 |   2139 |   3165 |   5 | 1402.0 |
        Temple |    252 |    252 |      0 |      0 |    164 |   1 |  252.0 |
               +--------+--------+--------+--------+--------+-----+--------+

Top non-repeatable levels by time:
     D:4: 1566 daAuts
     D:5: 1540 daAuts
     D:2: 1442 daAuts
     D:3: 1284 daAuts
     D:1: 1176 daAuts
  Temple: 252 daAuts
